 Dungeon Crawl Stone Soup version 0.25-a0-346-g140ab784a8 (webtiles) character file.

Game seed: 7615514471721974519, levelgen mode: deterministic

71 BritishOli the Slasher (level 4, -2/34 HPs)
             Began as a Demonspawn Gladiator on Dec 31, 2019.
             Killed from afar by Sigmund (5 damage)
             ... with a puff of flame
             ... on level 2 of the Dungeon.
             The game lasted 00:01:37 (1451 turns).

BritishOli the Slasher (Demonspawn Gladiator)       Turns: 1451, Time: 00:01:38

Health: -2/34      AC:  4    Str: 15    XL:     4   Next: 5%
Magic:  4/4        EV: 13    Int: 10    God:
Gold:   52         SH:  0    Dex: 14    Spells: 3/3 levels left

rFire    . . .     SeeInvis +   a - +0 long sword
rCold    . . .     Gourm    .   (no shield)
rNeg     . . .     Faith    .   b - +0 leather armour
rPois    .         Spirit   .   c - +0 helmet
rElec    .         Reflect  .   (no cloak)
rCorr    .         Harm     .   (no gloves)
MR       .....                  (no boots)
Stlth    +.........             (no amulet)
HPRegen  0.11/turn              h - ring of see invisible
MPRegen  0.09/turn              (no ring)

@: no status effects
A: hooves 1
a: no special abilities


You were on level 2 of the Dungeon.
You were near starving.

You visited 1 branch of the dungeon, and saw 2 of its levels.

You collected 52 gold pieces.

Inventory:

Hand Weapons
 a - a +0 long sword (weapon)
Missiles
 d - 3 throwing nets (quivered)
Armour
 b - a +0 leather armour (worn)
 c - a +0 helmet (worn)
Jewellery
 h - a ring of see invisible (left hand)
Scrolls
 g - a scroll of fear {unknown}
Potions
 e - a potion of might {unknown}
Comestibles
 f - 4 rations


   Skills:
 + Level 2.7 Fighting
 + Level 3.2 Long Blades
 + Level 2.4 Throwing
 + Level 3.2 Dodging


You had 3 spell levels left.
You didn't know any spells.
Your spell library was empty.

Dungeon Overview and Level Annotations

Branches:
Dungeon (2/15)

Altars:

Annotations:
D:2 Sigmund


Innate Abilities, Weirdness & Mutations

You have large cloven feet.


Message History

Sigmund hits you but does no damage.
You barely miss Sigmund. You kick Sigmund.
Sigmund is moderately wounded.
Sigmund hits you with a +0 scythe.
You slash Sigmund! Your kick misses Sigmund.
Sigmund is severely wounded.
Sigmund is suddenly surrounded by pale green light.
Sigmund hits you with a +0 scythe!
You are too injured to fight recklessly!
You hit Sigmund. Your kick misses Sigmund.
Sigmund is severely wounded.
You barely miss Sigmund.
Sigmund is severely wounded.
Sigmund hits you with a +0 scythe!
* * * LOW HITPOINT WARNING * * *
You closely miss Sigmund. Your kick misses Sigmund.
Sigmund is severely wounded.
Sigmund points at you and mumbles some strange words.
The puff of flame hits you.
You die...

#############
............
#........#
##..@.....# #..
#<)@....$.# #..#
#.))......# #..#
#.........###..##
#...............###
#....##.#..........
..............g.##
##.....#.......{.<#
......#...>g....##..
#...#.).†.....


You could see Sigmund.

Vanquished Creatures
  Robin (D:1)
  2 oozes (D:1)
  A dart slug (D:1)
  2 leopard geckos (D:1)
  4 bats (D:1)
  15 goblins
  5 hobgoblins
  5 jackals
  3 kobolds (D:1)
  2 frilled lizards (D:1)
40 creatures vanquished.

Notes
Turn   | Place    | Note
-------+----------+-------------------------------------------
     0 | D:1      | BritishOli the Demonspawn Gladiator began the quest for the
                  | Orb.
     0 | D:1      | Reached XP level 1. HP: 16/16 MP: 1/1
    91 | D:1      | Gained mutation: You have large cloven feet. [demonic
                  | ancestry]
    91 | D:1      | Reached XP level 2. HP: 21/22 MP: 2/2
   403 | D:1      | Reached XP level 3. HP: 25/28 MP: 3/3
   771 | D:2      | Noticed Sigmund
   772 | D:2      | Noticed Robin
  1157 | D:1      | Killed Robin
  1157 | D:1      | Reached XP level 4. HP: 3/34 MP: 4/4
  1451 | D:2      | Killed from afar by Sigmund

Levels and vault maps discovered:
D:1:      lightli_arrival_statue_moat, layout_basic
D:2:      layout_basic, first_ration, fedhas_altar_3, uniq_robin, uniq_sigmund

Skill      XL: |  1  2 |
---------------+-------+-----
Throwing       | 2 |  2.4
Dodging        | 3 |  3.2
Long Blades    | 3 |  3.2
Fighting       | |  2.7

Action                   |  1- 3 |  4- 6 || total
-------------------------+-------+-------++-------
Melee: Long sword        |    75 |     8 ||    83
       Kick              |    19 |     1 ||    20
 Stab: Sleeping          |     1 |       ||     1
Armor: Leather armour    |    19 |     1 ||    20
Dodge: Dodged            |    72 |     5 ||    77
       Rpst.: Long sword |    24 |       ||    24

Table legend:
 A = Non-vault XP
 B = Vault XP
 C = Vault XP percentage of total XP
 D = Non-vault monster count
 E = Vault monster count
 F = Vault count percentage of total count
                 A         B        C        D         E       F
            +---------+---------+-------+---------+---------+-------
      Total |      64 |      38 |  37.3 |      27 |      13 |  32.5
            +---------+---------+-------+---------+---------+-------
        D:1 |      56 |      25 |  30.9 |      23 |       6 |  20.7
        D:2 |       8 |      13 |  61.9 |       4 |       7 |  63.6
            +---------+---------+-------+---------+---------+-------
